 Dungeon Crawl Stone Soup version 0.17.0 (webtiles) character file.

1079 Eucla the Cruncher (level 8, -8/70 HPs)
             Began as a Minotaur Gladiator on Nov 11, 2015.
             Was a Follower of Ru.
             Killed from afar by Dowan (23 damage)
             ... with a shard of ice
             ... on level 7 of the Dungeon.
             The game lasted 00:06:07 (4903 turns).

Eucla the Cruncher (Minotaur Gladiator)             Turns: 4903, Time: 00:06:07

Health: -8/70      AC: 12    Str: 20    XL:     8   Next: 8%
Magic:  7/7        EV:  9    Int:  8    God:    Ru [*.....]
Gold:   279        SH:  0    Dex: 13    Spells: 0 memorised, 7 levels left

rFire  . . .     SeeInvis .     a - +0 quarterstaff
rCold  . . .     Clarity  .     h - +0 chain mail
rNeg   . . .     SustAt   .     (shield currently unavailable)
rPois  .         Gourm    .     c - +0 hat
rElec  .         Spirit   .     s - +0 cloak
rCorr  .         Warding  .     (no gloves)
rMut   .         Stasis   .     j - +0 pair of boots
MR     .....                    (no amulet)
Stlth  ..........               y - ring of wizardry
                                g - +3 ring of intelligence

@: lethally poisoned (-8 -> -10), no scrolls, not resistant to hostile
enchantments, extremely unstealthy
A: retaliatory headbutt, horns 2, inability to read while threatened
a: Renounce Religion


You were on level 7 of the Dungeon.
You worshipped Ru.
Ru was aware of your devotion.
You were not hungry.

You visited 1 branch of the dungeon, and saw 7 of its levels.

You collected 279 gold pieces.

Inventory:

Hand Weapons
 a - a +0 quarterstaff (weapon)
Missiles
 d - 3 throwing nets (quivered)
Armour
 b - a +0 leather armour
 c - a +0 hat (worn)
 h - a +0 chain mail (worn)
 j - a +0 pair of boots (worn)
 s - a +0 cloak (worn)
Jewellery
 g - a +3 ring of intelligence (left hand)
 y - a ring of wizardry (right hand)
 H - an uncursed amulet of warding {unknown}
 L - an uncursed amulet of faith {unknown}
Wands
 u - a wand of frost (34)
 z - a wand of draining (12)
 D - a wand of heal wounds (3)
 I - a wand of draining (10)
Scrolls
 f - 4 scrolls of identify {unknown}
 k - 4 scrolls of immolation {unknown}
 m - 2 scrolls of enchant armour {unknown}
 o - 2 scrolls of enchant weapon {unknown}
 q - 4 scrolls of remove curse {unknown}
 t - 4 scrolls of recharging {unknown}
 B - 3 scrolls of teleportation {unknown}
 C - a scroll of blinking {unknown}
 G - a scroll of amnesia {unknown}
 K - a scroll of fog {unknown}
Potions
 l - a potion of invisibility {unknown}
 n - 2 potions of haste {unknown}
 p - a potion of might {unknown}
 r - a potion of curing {unknown}
 v - a potion of magic {unknown}
 w - 2 potions of heal wounds {unknown}
 x - 2 potions of poison {unknown}
 A - a potion of agility {unknown}
 E - a potion of resistance {unknown}
 F - 2 potions of flight {unknown}
 J - a potion of degeneration {unknown}
 M - a potion of ambrosia {unknown}
Comestibles
 e - 4 bread rations
 i - 6 meat rations


   Skills:
 + Level 6.0 Fighting
 * Level 8.9 Staves
 - Level 2.0 Throwing
 + Level 5.3 Armour
 - Level 3.2 Dodging


You had 7 spell levels left.
You didn't know any spells.

Dungeon Overview and Level Annotations

Branches:
Dungeon (7/15)             Temple (0/1) D:6

Altars:
Elyvilon
Qazlal
Ru
Sif Muna
Trog
The Shining One

Shops:
D:6 }

Annotations:
D:7 Dowan


Innate Abilities, Weirdness & Mutations

You reflexively headbutt those who attack you in melee.
You have a pair of horns on your head.
You cannot read scrolls while threatened.


Message History

You feel sick.
Dowan points at you and mumbles some strange words.
The stone arrow hits you!
You feel threatened and lose the ability to read scrolls!
Unknown command.
You hit Dowan. Your headbutt misses Dowan.
Dowan is severely wounded.
Dowan points at you and mumbles some strange words.
The shard of ice hits you!
* * * LOW HITPOINT WARNING * * *
You are too injured to fight recklessly!
Unknown command.
You are too injured to fight recklessly!
You are too injured to fight recklessly!
You hit Dowan.
Dowan is almost dead.
You feel sick. Dowan casts a spell at you. The shard of ice hits you!
You die...

## #......... .
##...#.)....... #.
#..(.#......... .
#.#..#.........
#.#.#..#.........
#.#.#.......<.... #
................
#.#####.#.#..........
#...@e...............
#######.####.........
...............#
###..............
###############


You could see Dowan.

Vanquished Creatures
  Duvessa (D:7)
  An ice beast (D:5)
  A sky beast (D:5)
  2 ogres
  A centaur (D:6)
  The ghost of Wraiths the Sneak, an amateur SpEn of Dithmenos (D:5)
  A scorpion (D:6)
  A crimson imp (D:5)
  Crazy Yiuf (D:5)
  A giant frog zombie (D:6)
  An orc wizard (D:4)
  2 worker ants (D:6)
  An iguana (D:6)
  A killer bee zombie (D:6)
  A hound skeleton (D:4)
  3 gnolls (D:2)
  3 river rats (D:2)
  11 adders
  An adder zombie (D:5)
  An adder skeleton (D:6)
  A worm (D:3)
  2 giant geckos
  10 orcs
  2 ball pythons (D:1)
  6 goblins
  8 hobgoblins
  6 jackals
  2 quokkas (D:6)
  8 bats
  7 giant cockroaches
  3 giant newts
  A jackal skeleton (D:4)
  8 kobolds
  2 quokka skeletons
  16 rats
  2 fungi (D:5)
120 creatures vanquished.

Notes
Turn   | Place    | Note
--------------------------------------------------------------
     0 | D:1      | Eucla the Minotaur Gladiator began the quest for the Orb.
     0 | D:1      | Reached XP level 1. HP: 18/18 MP: 0/0
   253 | D:1      | Reached skill level 4 in Staves
   253 | D:1      | Reached XP level 2. HP: 25/25 MP: 1/1
   832 | D:2      | Found a stormy altar of Qazlal.
   857 | D:2      | Reached XP level 3. HP: 28/31 MP: 2/2
   870 | D:2      | Reached skill level 1 in Armour
   963 | D:2      | Reached skill level 5 in Staves
   995 | D:2      | Reached XP level 4. HP: 24/38 MP: 3/3
  1299 | D:2      | Reached XP level 5. HP: 37/46 MP: 4/4
  1374 | D:2      | Noticed an ogre
  1380 | D:2      | Killed an ogre
  1380 | D:2      | Reached skill level 6 in Staves
  1758 | D:3      | Found a sacrificial altar of Ru.
  1766 | D:3      | Became a worshipper of Ru the Awakened
  1870 | D:3      | Reached XP level 6. HP: 52/52 MP: 5/5
  2103 | D:3      | Found a white marble altar of Elyvilon.
  2108 | D:3      | Found a bloodstained altar of Trog.
  2396 | D:3      | Found a faded altar to an unknown god.
  2858 | D:5      | Entered Level 5 of the Dungeon
  2870 | D:5      | Noticed Wraiths's ghost (amateur SpEn)
  2885 | D:5      | Killed Wraiths's ghost
  2885 | D:5      | Reached skill level 7 in Staves
  3073 | D:5      | Found a deep blue altar of Sif Muna.
  3183 | D:5      | Found a glowing golden altar of the Shining One.
  3315 | D:5      | Reached XP level 7. HP: 57/60 MP: 6/6
  3436 | D:5      | Reached skill level 5 in Fighting
  3626 | D:5      | Noticed Crazy Yiuf
  3634 | D:5      | Killed Crazy Yiuf
  3696 | D:6      | Reached skill level 8 in Staves
  3697 | D:6      | Gained mutation: You cannot read scrolls while threatened. [Ru sacrifice]
  3697 | D:6      | Reached * piety under Ru
  4107 | D:6      | Reached skill level 5 in Armour
  4395 | D:6      | Found a staircase to the Ecumenical Temple.
  4468 | D:6      | Found Vied's Gadget Shoppe.
  4867 | D:7      | Noticed Duvessa
  4867 | D:7      | Noticed Dowan
  4898 | D:7      | Killed Duvessa
  4898 | D:7      | Reached XP level 8. HP: 51/70 MP: 7/7
  4903 | D:7      | Killed from afar by Dowan

Action                   |  1- 3 |  4- 6 |  7- 9 || total
-------------------------+-------+-------+-------++-------
Melee: Quarterstaff      |    75 |   163 |    98 ||   336
Throw: Throwing net      |       |       |     1 ||     1
Invok: Sacrifice Words   |       |       |     1 ||     1
Evoke: Wand              |       |       |     2 ||     2
 Stab: Distracted        |       |       |     1 ||     1
  Eat: Chunk             |       |     7 |       ||     7
       Fruit             |       |       |     5 ||     5
       Royal jelly       |       |       |     1 ||     1
       Pizza             |       |       |     1 ||     1
